 Dungeon Crawl Stone Soup version 0.30-a0-782-ge64f9170bb (webtiles) character file.

Game seed: 18207865211127153822

18 theswoord the Chopper (level 2, 0/22 HPs)
             Began as a Demonspawn Gladiator on Mar 9, 2023.
             Slain by a bat (1 damage)
             ... on level 1 of the Dungeon.
             The game lasted 00:00:27 (112 turns).

theswoord the Chopper (Demonspawn Gladiator)         Turns: 112, Time: 00:00:28

Health: 0/22       AC:  4    Str: 14    XL:     2   Next: 48%
Magic:  2/2        EV: 12    Int:  9    God:
Gold:   0          SH:  0    Dex: 14    Spells: 1/1 levels left

rFire   . . .      SeeInvis .    a - +0 war axe
rCold   . . .      Faith    .    (no shield)
rNeg    . . .      Spirit   .    b - +0 leather armour
rPois   .          Reflect  .    c - +0 helmet
rElec   .          Harm     .    (no cloak)
rCorr   .          Rampage  .    (no gloves)
Will    .....                    (no boots)
Stlth   +                        (no amulet)
HPRegen 0.23/turn                (no ring)
MPRegen 0.08/turn                (no ring)

@: no status effects
A: powered by pain 1
a: no special abilities


You were on level 1 of the Dungeon.
You visited 1 branch of the dungeon, and saw 1 of its levels.

Inventory:

Hand Weapons
 a - a +0 war axe (weapon)
Missiles
 d - 3 throwing nets (quivered)
 e - a javelin
Armour
 b - a +0 leather armour (worn)
 c - a +0 helmet (worn)


   Skills:
 - Level 2.0 Fighting
 + Level 3.5 Axes
 - Level 1.7 Throwing
 - Level 2.6 Dodging


You had one spell level left.
You didn't know any spells.
Your spell library was empty.

Dungeon Overview and Level Annotations

Branches:
Dungeon (1/15)

Altars:


Innate Abilities, Weirdness & Mutations

You sometimes gain a little power by taking damage.


Message History

You slash the jackal!
You kill the jackal!
You closely miss the jackal. You barely miss the jackal.
The bat barely misses you. The bat hits you but does no damage.
The jackal bites you.
The jackal bites you but does no damage. x2
You barely miss the jackal. You hit the jackal.
You hit the bat but do no damage. The bat closely misses you.
The jackal misses you. The jackal barely misses you. x2
The bat closely misses you.
You barely miss the jackal. You miss the bat. You closely miss the jackal.
The bat closely misses you.
The jackal bites you but does no damage.
The jackal completely misses you. The jackal bites you. The jackal misses you.
You closely miss the jackal. You slash the jackal!
You kill the jackal!
You hit the endoplasm. The jackal bites you.
* * * LOW HITPOINT WARNING * * *
The endoplasm misses you. The jackal misses you. The endoplasm freezes you.
You are frozen.
* * * LOW HITPOINT WARNING * * *
The endoplasm freezes you.
You are frozen.
* * * LOW HITPOINT WARNING * * *
You slash the jackal!
You kill the jackal!
You slash the endoplasm!
You kill the endoplasm!
You hit the endoplasm. The bat barely misses you. The endoplasm freezes you.
You are frozen.
* * * LOW HITPOINT WARNING * * *
You hit the endoplasm.
You kill the endoplasm!
The bat hits you.
* * * LOW HITPOINT WARNING * * *
You closely miss the bat. The bat misses you. The bat closely misses you.
You closely miss the bat. The bat hits you.
You die...

.... .....# .
......####.###..
.........#..
.....
........#.#......
.......#.#......
.......†)..#
...#..@)#
#.##...b#
#.##....#..
###...........
#...####.#.....
###.# #.#.###.
#.# #...# #.#
##..# #.#####..#


You could see a bat.

Vanquished Creatures
  2 endoplasms (D:1)
  A giant cockroach (D:1)
  A goblin (D:1)
  A hobgoblin (D:1)
  6 jackals (D:1)
  2 ball pythons (D:1)
  A kobold (D:1)
14 creatures vanquished.

Notes
Turn   | Place    | Note
-------+----------+-------------------------------------------
     0 | D:1      | theswoord the Demonspawn Gladiator began the quest for the
                  | Orb.
     0 | D:1      | Reached XP level 1. HP: 16/16 MP: 1/1
    26 | D:1      | Reached skill level 3 in Axes
   100 | D:1      | Gained mutation: You sometimes gain a little power by
                  | taking damage. [demonic ancestry]
   100 | D:1      | Reached XP level 2. HP: 20/22 MP: 2/2
   109 | D:1      | HP: 1/22 [frozen (3)]
   112 | D:1      | Slain by a bat

Skill      XL: |  1 |
---------------+----+-----
Axes           | 3 |  3.5
Fighting       | |  2.0
Throwing       | |  1.7
Dodging        | |  2.6

Action                     || total
---------------------------++-------
  Melee: War axe           ||    29
 Armour: Leather armour    ||    18
  Dodge: Dodged            ||    49

Levels and vault maps discovered:
D:1:      minmay_arrival_open_corners, layout_rooms,
          nicolae_ecumenical_snake_handling, serial_shops,
          nicolae_shop_window_shopping, st_stairs_10
